 Dungeon Crawl Stone Soup version 0.23-a0-296-ga3b1b28 (console) character file.

354 Voker57 the Magician (level 6, -10/42 HPs)
             Began as a Demonspawn Venom Mage on Oct 5, 2018.
             Was a Follower of Fedhas.
             Shot with an arrow by a centaur (13 damage)
             ... on level 4 of the Dungeon.
             The game lasted 00:05:31 (4041 turns).

Voker57 the Magician (Demonspawn Venom Mage)        Turns: 4041, Time: 00:05:32

Health: -10/42     AC:  2    Str:  9    XL:     6   Next: 35%
Magic:  2/11       EV: 13    Int: 21    God:    Fedhas [*.....]
Gold:   93         SH:  0    Dex: 13    Spells: 6/12 levels left

rFire    + . .     SeeInvis .   u - +3 hand axe
rCold    . . .     Gourm    .   (no shield)
rNeg     . . .     Faith    .   a - +0 robe
rPois    .         Spirit   .   (helmet unavailable)
rElec    .         Reflect  .   (no cloak)
rCorr    .         Harm     .   (no gloves)
MR       .....                  (no boots)
Stlth    ++........             (no amulet)
HPRegen  0.14/turn              j - +3 ring of intelligence
MPRegen  0.12/turn              (no ring)

@: very slightly contaminated
A: horns 3, fire resistance 1
a: Fungal Bloom, Sunlight, Renounce Religion


You were on level 4 of the Dungeon.
You worshipped Fedhas.
Fedhas was aware of your devotion.
You were not hungry.

You visited 1 branch of the dungeon, and saw 4 of its levels.

You collected 93 gold pieces.

Inventory:

Hand Weapons
 r - a +0 spear
 t - a +2 dire flail of protection
 u - a +3 hand axe (weapon)
Armour
 a - a +0 robe (worn)
 b - a +0 helmet
Jewellery
 j - a +3 ring of intelligence (left hand)
Wands
 s - a wand of scattershot (7)
Scrolls
 e - a scroll of identify
 h - 2 scrolls of amnesia {unknown}
 i - a scroll of enchant armour {unknown}
 k - 2 scrolls of magic mapping {unknown}
 l - a scroll of blinking {unknown}
 o - 2 scrolls of teleportation {unknown}
Potions
 d - a potion of heal wounds {unknown}
 f - 3 potions of brilliance {unknown}
 g - a potion of invisibility {unknown}
 m - a potion of flight {unknown}
 n - a potion of agility
 p - a potion of might {unknown}
 q - a potion of ambrosia {unknown}
Comestibles
 c - 9 rations
 v - 2 chunks of flesh


   Skills:
 + Level 0.6 Fighting
 + Level 0.5 Maces & Flails
 + Level 3.7 Dodging
 - Level 1.7 Stealth
 + Level 3.8 Spellcasting
 + Level 3.6 Conjurations
 - Level 3.0 Poison Magic


You had 6 spell levels left.
You knew the following spells:

 Your Spells              Type           Power        Failure   Level  Hunger
a - Sting                 Conj/Pois      ###.         3%          1    None
b - Poisonous Vapours     Pois/Air       ##....       10%         2    #......
c - Mephitic Cloud        Conj/Pois/Air  ##......     14%         3    ###....

Your spell library contained the following spells:

 Spells                   Type           Power        Failure   Level  Hunger
 Olgreb's Toxic Radiance  Pois           ###.....     34%         4    ####...
 Venom Bolt               Conj/Pois      ###.......   65%         5    ######.


Dungeon Overview and Level Annotations

Branches:
Dungeon (4/15)
 Temple: D:4-7

Altars:
Fedhas
Qazlal

Shops:
D:4 =


Innate Abilities, Weirdness & Mutations

You have a pair of large horns on your head.
Your flesh is heat resistant. (rF+)


Message History

Aiming: Poisonous Vapours (safe; 10% risk of failure)
Press: ? - help, Dir - move target cursor, f/p - centaur
Aim: a centaur, wielding a shortbow (poisoned) Poisonous vapours surround the centaur!
The centaur is engulfed in poison gas.
The centaur looks even sicker.
The centaur shoots an arrow.
The arrow hits you!
The centaur is engulfed in poison gas.
The centaur looks even sicker.
The centaur shoots an arrow.
The arrow hits you!
Casting: Poisonous Vapours (safe; 10% risk of failure)
Confirm with . or Enter, or press ? or * to list all spells.
Aiming: Poisonous Vapours (safe; 10% risk of failure)
Press: ? - help, Dir - move target cursor, f/p - centaur
Aim: a centaur, wielding a shortbow (moderately wounded, poisoned) Poisonous vapours surround the centaur!
The centaur is engulfed in poison gas.
The centaur looks as sick as possible!
The centaur shoots an arrow.
The arrow
* * * LOW HITPOINT WARNING * * *
The centaur shoots an arrow.
The arrow closely misses you.
You see here an arrow.
The centaur shoots an arrow.
The arrow hits you!
You die...
Fedhas appreciates your contribution to the ecosystem.

####### ################
......# #..............#
......# #.##.........#.#
......# #.##.###.......#
......# #.##.###..###..##
##....# #.##.#.......... .
#....###.##.#.#.####..###..
#........##.#.#.# <......
#....######.#.#@####....#..
##....######.#...(..(..c....
............................
#...######...............##.
#..)# #...............#
#...## #...............#
##...# #...............#
#...## #........[......#
##...## ...............#
##...##


You could see a centaur.

Vanquished Creatures
  Edmund (D:4)
  An ogre (D:4)
  2 worker ants (D:4)
  5 adders
  An ooze (D:2)
  4 worms
  2 dart slugs (D:2)
  2 leopard geckos
  An orc (D:3)
  A giant cockroach (D:1)
  6 goblins
  3 hobgoblins
  6 jackals (D:3)
  A quokka (D:3)
  8 bats
  5 frilled lizards
  5 kobolds
  A quokka skeleton (D:4)
  4 rats
59 creatures vanquished.

Notes
Turn   | Place    | Note
-------+----------+-------------------------------------------
     0 | D:1      | Voker57 the Demonspawn Venom Mage began the quest for the
                  | Orb.
     0 | D:1      | Reached XP level 1. HP: 13/13 MP: 3/3
   412 | D:1      | Gained mutation: You have a pair of small horns on your
                  | head. [demonic ancestry]
   412 | D:1      | Reached XP level 2. HP: 6/19 MP: 0/5
  1323 | D:2      | Gained mutation: You have a pair of horns on your head.
                  | [demonic ancestry]
  1323 | D:2      | Reached XP level 3. HP: 24/24 MP: 0/6
  2250 | D:3      | Reached XP level 4. HP: 30/30 MP: 0/8
  3035 | D:3      | Found a faded altar of an unknown god.
  3054 | D:3      | Became a worshipper of Fedhas Madash
  3054 | D:3      | Reached * piety under Fedhas
  3058 | D:3      | Learned a level 2 spell: Poisonous Vapours
  3062 | D:3      | Learned a level 3 spell: Mephitic Cloud
  3206 | D:4      | Gained mutation: You have a pair of large horns on your
                  | head. [demonic ancestry]
  3206 | D:4      | Reached XP level 5. HP: 12/35 MP: 3/9
  3504 | D:4      | Noticed Edmund
  3677 | D:4      | Killed Edmund
  3677 | D:4      | Gained mutation: Your flesh is heat resistant. (rF+)
                  | [demonic ancestry]
  3677 | D:4      | Reached XP level 6. HP: 41/41 MP: 1/11
  3765 | D:4      | Noticed an air elemental
  3776 | D:4      | Found a stormy altar of Qazlal.
  3778 | D:4      | Noticed a water elemental
  3816 | D:4      | Found Keewkod's Jewellery Emporium.
  4037 | D:4      | HP: 2/42 [centaur/arrow (11)]
  4041 | D:4      | Shot with an arrow by a centaur

Vault maps used:
D:1:      nagdon_arrival_double_spiral
D:3:      chequers_ecumenical_altar_simple
D:4:      first_ration, serial_shops, kennysheep_mini_moat, serial_curves,
          eino_curves_03, eino_curves_02, nicolae_qazlal_style_of_elements,
          uniq_edmund

Skill      XL: |  1  2  3  4  5 |
---------------+----------------+-----
Dodging        | 2 3 |  3.7
Conjurations   | 2 3 |  3.6
Spellcasting   | 3 |  3.8
Fighting       | |  0.6
Maces & Flails | |  0.5
Stealth        | |  1.7
Poison Magic   | |  3.0

Action                   |  1- 3 |  4- 6 || total
-------------------------+-------+-------++-------
Melee: Unarmed           |    31 |    29 ||    60
       Headbutt          |     5 |     6 ||    11
       Spear             |       |     1 ||     1
 Cast: Sting             |    73 |    54 ||   127
       Poisonous Vapours |       |    17 ||    17
  Use: Scroll            |     1 |       ||     1
  Eat: Chunk             |     5 |     6 ||    11
Armor: Robe              |    17 |     7 ||    24
Dodge: Dodged            |    47 |    62 ||   109

Table legend:
 A = Non-vault XP
 B = Vault XP
 C = Vault XP percentage of total XP
 D = Non-vault monster count
 E = Vault monster count
 F = Vault count percentage of total count
                 A         B        C        D         E       F
            +---------+---------+-------+---------+---------+-------
      Total |     354 |     153 |  30.2 |      58 |       1 |   1.7
            +---------+---------+-------+---------+---------+-------
        D:1 |      31 |       0 |   0.0 |      12 |       0 |   0.0
        D:2 |      38 |       0 |   0.0 |      14 |       0 |   0.0
        D:3 |      92 |       0 |   0.0 |      26 |       0 |   0.0
        D:4 |     193 |     153 |  44.2 |       6 |       1 |  14.3
            +---------+---------+-------+---------+---------+-------
